[Event "*** Titled Tuesday 3|2 Blitz"]
[Site "Chess.com"]
[Date "2015.10.06"]
[Round "5"]
[White "simplerXiao"]
[Black "Iball95"]
[Result "1-0"]
[WhiteElo "2432"]
[BlackElo "2336"]
[TimeControl "180+2"]
[EndTime "18:00:47 PDT"]
[Termination "simplerXiao won by resignation"]

1. e4 c5 2. Nf3 Nc6 3. d4 cxd4 4. Nxd4 Nf6 5. Nc3 g6 6. Nxc6 bxc6 7. e5 Ng8 8. Bc4 Bg7 9. Qe2 d5 10. exd6 Qxd6 11. O-O Nf6 12. Rd1 Qc7 13. Be3 O-O 14. Bc5 Re8 15. h3 Nd7 16. Bd6 Qb7 17. Bb3 Nb6 18. a4 Bxh3 19. Bh2 Bf5 20. a5 Nd5 21. Nxd5 cxd5 22. Bxd5 Qxb2 23. Ra2 Qc3 24. g4 Bxg4 25. Qxg4 Rad8 26. Qf3 Qc5 27. Bxf7+ Kh8 28. Bxe8 1-0

[Event "*** Titled Tuesday 3|2 Blitz"]
[Site "Chess.com"]
[Date "2015.10.06"]
[Round "5"]
[White "jlandaw"]
[Black "AlexanderL"]
[Result "0-1"]
[WhiteElo "2380"]
[BlackElo "2543"]
[TimeControl "180+2"]
[EndTime "18:01:00 PDT"]
[Termination "AlexanderL won by resignation"]

1. e4 e6 2. d4 d5 3. Nd2 Nf6 4. e5 Nfd7 5. Bd3 c5 6. c3 Nc6 7. Ndf3 Qb6 8. Ne2 cxd4 9. cxd4 Bb4+ 10. Bd2 O-O 11. Nc3 Nxd4 12. Bxh7+ Kxh7 13. Ng5+ Kg6 14. h4 Nxe5 15. Be3 Bc5 16. h5+ Kf6 17. Nh7+ Ke7 18.
Nxf8 Kxf8 19. O-O Nf5 20. Bxc5+ Qxc5 21. Re1 f6 22. Na4 Qd4 23. Qxd4 Nxd4 24. Rac1 Nd3 25. Rcd1 Nxe1 26. Rxd4 Nc2 27. Rh4 e5 28. Kf1 Nd4 0-1

[Event "*** Titled Tuesday 3|2 Blitz"]
[Site "Chess.com"]
[Date "2015.10.06"]
[Round "5"]
[White "Boryboy"]
[Black "Tal-Baronfew"]
[Result "0-1"]
[WhiteElo "2458"]
[BlackElo "2743"]
[TimeControl "180+2"]
[EndTime "18:01:15 PDT"]
[Termination "Tal-Baronfew won on time"]

1. d4 Nf6 2. Nf3 d5 3. c4 e6 4. g3 Bb4+ 5. Bd2 Bd6 6. Bg2 c6 7. Qc2 Nbd7 8. O-O O-O 9. Nc3 dxc4 10. Bg5 h6 11. Bxf6 Nxf6 12. Nd2 e5 13. dxe5 Bxe5 14. Nxc4 Bc7 15. e4 Re8 16. Rfe1 Be6 17. Rad1 Qe7 18. Ne3 Rad8 19. Ned5 Bxd5 20. exd5 Qxe1+ 21. Rxe1 Rxe1+ 22. Bf1 Nxd5 23. Kg2 Bb6 24. Nxd5 Rxd5 25. Bc4 Rd7 26. Qf5 Ree7 27. h4 Rd2 28. Qc8+ Kh7 29. h5 Rxf2+ 30.
Kh3 Rd2 31. Bd3+ g6 32. hxg6+ fxg6 33. Qf8 Rg7 34. Bc4 Bg1 35. Qf6 Rh2+ 36. Kg4 h5+ 0-1

[Event "*** Titled Tuesday 3|2 Blitz"]
[Site "Chess.com"]
[Date "2015.10.06"]
[Round "5"]
[White "wonderfultime"]
[Black "facu57"]
[Result "0-1"]
[WhiteElo "2631"]
[BlackElo "2526"]
[TimeControl "180+2"]
[EndTime "18:02:14 PDT"]
[Termination "facu57 won by resignation"]

1. d4 Nf6 2. c4 e6 3. Nf3 Bb4+ 4. Nbd2 O-O 5. a3 Be7 6. e4 d6 7. Bd3 Nbd7 8. O-O e5 9. b4 c6 10. Bb2 Qc7 11. Re1 Re8 12. Qc2 Bf8 13. h3 b6 14.
Nf1 exd4 15. Nxd4 g6 16. Ng3 Bg7 17. Rad1 Bb7 18. Bf1 Rad8 19. Nf3 c5 20. Qa4 a6 21.
Qc2 Bc6 22. Bc3 Ne5 23. Nxe5 dxe5 24. Qb2 Nd7 25. Be2 Bb7 26. Bg4 f6 27. h4 h5 28.
Bh3 Nf8 29. bxc5 bxc5 30. Ba5 Qxa5 31. Qxb7 Qxa3 32. Ra1 Qc3 33. Qxa6 Ra8 34. Qc6 Rxa1 35. Rb1 0-1

[Event "*** Titled Tuesday 3|2 Blitz"]
[Site "Chess.com"]
[Date "2015.10.06"]
[Round "5"]
[White "LePlusMortel"]
[Black "KyronGriffith"]
[Result "0-1"]
[WhiteElo "2387"]
[BlackElo "2239"]
[TimeControl "180+2"]
[EndTime "18:02:38 PDT"]
[Termination "KyronGriffith won by resignation"]

1. Nf3 Nf6 2. g3 g6 3. Bg2 Bg7 4. O-O O-O 5. d3 d6 6. c3 c5 7. Qa4 Nc6 8. Qh4 h5 9. h3 Rb8 10. a4 a6 11. d4 Bf5 12. dxc5 dxc5 13. Bf4 Rc8 14. Ne5 Nxe5 15. Bxe5 Qb6 16. c4 Rfe8 17. Nc3 Qxb2 18. e4 Nxe4 19. Bxg7 Nxc3 20. Bh6 Ne2+ 21. Kh2 Rc7 22. Rae1 Nd4 23. Re3 Be6 24. Qf4 Rd7 25. g4 hxg4 26. hxg4 Bxc4 27. Rfe1 Ne6 28.
Qg3 Qh8 29. g5 Rd4 30. Bxb7 a5 31. Bc6 Red8 32. Bg2 Rd2 33. Bh3 Qd4 34. Bxe6 Bxe6 35. Rxe6 fxe6 36. Re3 Qd5 37. Rf3 Qd6 38. Rf4 Rd4 39.
Rxd4 Qxg3+ 0-1

[Event "*** Titled Tuesday 3|2 Blitz"]
[Site "Chess.com"]
[Date "2015.10.06"]
[Round "5"]
[White "LyonBeast"]
[Black "Mornar1951"]
[Result "1-0"]
[WhiteElo "2722"]
[BlackElo "2614"]
[TimeControl "180+2"]
[EndTime "18:02:39 PDT"]
[Termination "LyonBeast won by resignation"]

1. Nf3 c5 2. g3 Nc6 3. Bg2 g6 4. O-O Bg7 5. c4 b6 6. e3 Ba6 7. d3 Nf6 8. Nc3 O-O 9. a3 Bb7 10. Nd2 e6 11. b4 d5 12. bxc5 dxc4 13. Nxc4 Nd5 14. Nxd5 exd5 15. Nb2 bxc5 16. Rb1 Rc8 17. Na4 Na5 18. Bd2 Ba6 19. Rc1 Bxd3 20. Bxa5 Qxa5 21.
Qxd3 Qxa4 22. Bxd5 Bb2 23. Rc4 Qxa3 24. Qxa3 Bxa3 25. Ra1 Bb4 26. Rxa7 Rcd8 27. e4 Rd6 28. Kg2 Kh8 29. Rxf7 Rxf7 30. Bxf7 Rd4 31. f4 Kg7 32.
Rxd4 cxd4 33. Bc4 Bd2 34. Kf3 g5 35. e5 gxf4 36. gxf4 Be1 37. Bd3 Bh4 38. Kg4 Bd8 39. Kf5 Bh4 40. Ke6 h6 41. f5 Kf8 42. f6 Be1 43. Kf5 Bb4 44. e6 Bc5 45. Kg6 Bd6 46.
h4 1-0

[Event "*** Titled Tuesday 3|2 Blitz"]
[Site "Chess.com"]
[Date "2015.10.06"]
[Round "5"]
[White "Viaje"]
[Black "MFBerna"]
[Result "0-1"]
[WhiteElo "2208"]
[BlackElo "2152"]
[TimeControl "180+2"]
[EndTime "18:02:45 PDT"]
[Termination "MFBerna won on time"]

1. d4 d5 2. c4 e6 3. Nc3 Be7 4. cxd5 exd5 5. Bf4 c6 6. Qc2 g6 7. e3 Bf5 8. Qd2 Nf6 9. f3 Nbd7 10. g4 Be6 11. Bd3 Qb6 12. Nge2 O-O 13. h4 c5 14. h5 cxd4 15. Nxd4 Nc5 16. Bb1 Bd6 17. Bg5 Bg3+ 18.
Kf1 Ncd7 19. Kg2 Be5 20. Nde2 Rac8 21. Bd3 Nc5 22. Bb1 Rfd8 23. hxg6 fxg6 24. Qc2 Rf8 25.
Nd4 Bf7 26. Qf2 Ne6 27. Bxf6 Bxf6 28. g5 Nxg5 29. Qh4 Qxb2+ 30. Nce2 Bxd4 31. Bd3 Bf6 32. f4 Rc2 33. fxg5 Rxe2+ 0-1

[Event "*** Titled Tuesday 3|2 Blitz"]
[Site "Chess.com"]
[Date "2015.10.06"]
[Round "5"]
[White "Goala"]
[Black "chess960now"]
[Result "1-0"]
[WhiteElo "2145"]
[BlackElo "1952"]
[TimeControl "180+2"]
[EndTime "18:02:56 PDT"]
[Termination "Goala won on time"]

1. d4 d5 2. c4 c6 3. Nc3 Nf6 4. e3 e6 5. Qc2 Nbd7 6. Nf3 Bd6 7.
b3 O-O 8. Bb2 b6 9. Bd3 Bb7 10.
O-O c5 11. cxd5 exd5 12. Qe2 Rc8 13. Rac1 Re8 14. Rfd1 Bb8 15. Bf5 h6 16. Na4 Bc6 17.
dxc5 Bxa4 18. bxa4 Rxc5 19. Bd4 Rxc1 20. Rxc1 Ne4 21.
Qb2 f6 22. Qb5 Ndc5 23. a5 Nd6 24. Qb1 Nxf5 25. Qxf5 Ne4 26. axb6 axb6 27. h3 Qd6 28. Rb1 Bc7 29. Rb5 Rd8 30. a4 Qa3 31. Bb2 Qxa4 32. Rxd5 Rxd5 33. Qxd5+ Kh8 34. Qd3 Qc6 35. Nd4 Qd5 36.
Qc2 Nc5 37. Qg6 Qd6 38. g3 Qd5 39. Nf5 Qd7 40. Nxh6 Qd1+ 41. Kh2 1-0

[Event "*** Titled Tuesday 3|2 Blitz"]
[Site "Chess.com"]
[Date "2015.10.06"]
[Round "5"]
[White "NMofPuppets"]
[Black "HubertKnott"]
[Result "0-1"]
[WhiteElo "2178"]
[BlackElo "1987"]
[TimeControl "180+2"]
[EndTime "18:03:14 PDT"]
[Termination "HubertKnott won by resignation"]

1. e4 e5 2. Nf3 Nc6 3. Bb5 a6 4. Ba4 Nf6 5. Qe2 b5 6. Bb3 Be7 7. c3 d6 8. O-O Na5 9. Bc2 c5 10. Rd1 Qc7 11. d4 O-O 12. Nbd2 Bg4 13. h3 Bh5 14.
Nf1 Rfc8 15. d5 Nc4 16. b3 Nb6 17. Ng3 Bg6 18. Nh4 c4 19. Nhf5 Bd8 20. b4 a5 21.
a3 axb4 22. cxb4 Qd7 23. h4 Bxf5 24. Nxf5 g6 25. Nh6+ Kg7 26. Bg5 Ng8 27. Bxd8 Qxd8 28. Ng4 Qxh4 29. g3 Qe7 30. Kg2 h5 31. Ne3 Nf6 32.
Rh1 Qd7 33. Rh4 Rh8 34. Nd1 Ra7 35. Nc3 Rha8 36. f4 Rxa3 37. Rxa3 Rxa3 38. Nd1 Ng4 39. f5 Qa7 40. Rxg4 hxg4 41. Qxg4 Ra2 42. Ne3 Qa4 43.
fxg6 Rxc2+ 44. Nxc2 Qxc2+ 45. Kh3 fxg6 46. Qh4 Qf2 47. Qe7+ Qf7 48. Qxd6 Qd7+ 49. Qxd7+ Nxd7 50. Kg4 Kf6 51. Kf3 Kg5 52. Ke3 Kg4 0-1

[Event "*** Titled Tuesday 3|2 Blitz"]
[Site "Chess.com"]
[Date "2015.10.06"]
[Round "5"]
[White "steinitz_attack"]
[Black "Zvonokchess"]
[Result "1-0"]
[WhiteElo "1805"]
[BlackElo "2489"]
[TimeControl "180+2"]
[EndTime "18:03:38 PDT"]
[Termination "steinitz_attack won by checkmate"]

1. Nf3 Nf6 2. g3 b6 3. Bg2 Bb7 4.
d3 e6 5. O-O d5 6. c3 Be7 7. Nbd2 O-O 8. Qc2 c5 9. e4 dxe4 10. dxe4 Nbd7 11. e5 Nd5 12. Re1 Qc7 13. a4 Rae8 14. Nc4 a6 15. Bg5 f6 16. exf6 Bxf6 17.
h4 h6 18. Bd2 b5 19. axb5 axb5 20. Ne3 Nxe3 21. Bxe3 Bxf3 22. Bxf3 Bxh4 23. Qe4 Bf6 24. Bg4 e5 25. Qd5+ Rf7 26. Be6 Nb6 27. Bxf7+ Qxf7 28. Qxc5 Nc4 29. Qxb5 Nxe3 30. Rxe3 Rf8 31. Qc5 Qh5 32.
Ra7 Rd8 33. Qc4+ Kh8 34. Kg2 Qf5 35. Qe4 Qe6 36. Ra8 Rxa8 37. Qxa8+ Kh7 38. Qe4+ Kg8 39.
Rd3 Qb6 40. Qd5+ Kh7 41. b4 Qc7 42. b5 Qb6 43. c4 Qa5 44. Qc6 Qb4 45. Rd7 Qe1 46.
Qxf6 Qe4+ 47. Qf3 Qxc4 48. b6 e4 49. Qf5+ Kg8 50. Rd8# 1-0

[Event "*** Titled Tuesday 3|2 Blitz"]
[Site "Chess.com"]
[Date "2015.10.06"]
[Round "5"]
[White "Dlugy"]
[Black "GMVallejo"]
[Result "0-1"]
[WhiteElo "2551"]
[BlackElo "2625"]
[TimeControl "180+2"]
[EndTime "18:03:56 PDT"]
[Termination "GMVallejo won by resignation"]

1. d4 f5 2. g3 Nf6 3. Bg2 g6 4. Nh3 Bg7 5. c3 Nc6 6. O-O e6 7.
Nd2 O-O 8. e4 fxe4 9. Nxe4 Nxe4 10. Bxe4 d6 11. Ng5 Qf6 12. Nxh7 Kxh7 13. Qh5+ Kg8 14.
Bxg6 Rf7 15. Bg5 Qf3 16. Qh7+ Kf8 17. Bh6 Bxh6 18. Bxf7 Qxf7 19. Qxh6+ Qg7 20. Qe3 Bd7 21. f4 Ne7 22. Rae1 Kf7 23. c4 Nf5 24. Qd3 Qxd4+ 25. Qxd4 Nxd4 26. g4 Rh8 27. Re3 c5 28. h3 b5 29. cxb5 Bxb5 30. Rf2 a5 31. Kh2 a4 32. Kg3 Bc4 33. a3 Rg8 34. Kh2 Bd5 35. Rg3 Kf6 36.
h4 Be4 37. h5 d5 38. g5+ Kf7 39. g6+ Kf6 40. Rh3 Rh8 41. Rf1 Bf5 42. Rh4 Bxg6 43. h6 Nf5 44. Rh3 Rxh6 45. Rxh6 Nxh6 46. Kg3 Nf5+ 47.
Kf2 Nd6 48. Rc1 Nc4 49. Ke2 Ke7 50. Rg1 Kf6 51. Rc1 Kf5 52. Kf3 Bh5+ 53. Kg3 Ke4 54. Re1+ Ne3 55. Rh1 Bg6 56. Rh8 d4 57. Kf2 d3 58. Ke1 Nc4 0-1

[Event "*** Titled Tuesday 3|2 Blitz"]
[Site "Chess.com"]
[Date "2015.10.06"]
[Round "5"]
[White "jbj"]
[Black "IMRosen"]
[Result "1-0"]
[WhiteElo "2293"]
[BlackElo "2253"]
[TimeControl "180+2"]
[EndTime "18:03:57 PDT"]
[Termination "jbj won by resignation"]

1. e4 c5 2. d4 b6 3. dxc5 bxc5 4. Nf3 Bb7 5. Nc3 e6 6. Bb5 Ne7 7. Bg5 f6 8. Bf4 Ng6 9. Bd6 Be7 10. O-O O-O 11.
Bxe7 Qxe7 12. Qd2 Nc6 13. Rad1 Rfd8 14. Qd6 Qxd6 15. Rxd6 Kf8 16. Na4 Ke7 17. Nxc5 Kxd6 18. Nxb7+ Kc7 19. Nxd8 Rxd8 20. Rd1 Rb8 21. Bxc6 Kxc6 22.
b3 Rb4 23. Nd2 Rd4 24. Kf1 d5 25. exd5+ Rxd5 26. g3 Ne5 27. Ke2 Nf7 28. c4 Re5+ 29. Kd3 Rh5 30. h4 Ne5+ 31. Kc3 Rf5 32. f4 Nf7 33.
Nf3 e5 34. Rd5 g6 35. Nd2 Rh5 36. Ne4 Rf5 37. Nf2 Nd6 38. fxe5 fxe5 39. Ng4 Ne4+ 40. Kb4 Nxg3 41. Nxe5+ Kc7 42. Rd7+ Kc8 43. Re7 Ne4 44. Kb5 Nf6 45. Kc6 Kd8 46. Re6 Rf4 47. Nf7+ Kc8 48. Nd6+ Kd8 49. Re5 h6 50. Nf7+ Kc8 51. Nxh6 Rxh4 52.
Ng8 Rh5 53. Re6 Kd8 54. Nxf6 Rh8 55. Kd5 g5 56. Re5 g4 57. Nxg4 Kc7 58. Ne3 Kb6 59. Re6+ Ka5 60. Nc2 Rd8+ 61. Rd6 a6 62. Rxd8 1-0

[Event "*** Titled Tuesday 3|2 Blitz"]
[Site "Chess.com"]
[Date "2015.10.06"]
[Round "5"]
[White "Bab3s"]
[Black "chesstatour"]
[Result "0-1"]
[WhiteElo "2114"]
[BlackElo "1887"]
[TimeControl "180+2"]
[EndTime "18:03:58 PDT"]
[Termination "chesstatour won by resignation"]

1. e4 c6 2. d4 d5 3. exd5 cxd5 4. c4 Nf6 5. Nc3 Nc6 6. Bg5 Qa5 7. Bxf6 exf6 8.
cxd5 Bb4 9. Rc1 Qxd5 10. Nf3 O-O 11. Be2 Bxc3+ 12. bxc3 Qxa2 13. O-O Bg4 14. Qd3 Rad8 15. Ra1 Qd5 16. c4 Qf5 17. Qxf5 Bxf5 18. d5 Ne5 19. Rxa7 Nxf3+ 20. Bxf3 Bd3 21. Rc1 b5 22. c5 Bc4 23.
c6 Rd6 24. c7 g6 25. h3 Kg7 26. Rb7 Rc8 27. g3 f5 28. Bg2 Kf6 29. Bf1 Bxf1 30. Rb8 Rxc7 31. Rxc7 Bc4 32. Rbb7 Ke5 33. Rxf7 Rxd5 34.
Rfe7+ Kd4 35. Red7 Kc5 36. Rxd5+ Bxd5 37. Rxh7 b4 38.
Rh8 b3 39. Rb8 Kc4 40. g4 fxg4 41. hxg4 Kc3 42. f4 Be4 43. Kf2 Kc2 44. Ke3 Bd5 45.
Kd4 Be6 46. g5 b2 47. Rb6 Bf5 48. Ke5 b1=Q 49. Rxb1 Kxb1 50. Kd4 Kc2 51. Ke3 Kc3 52.
Ke2 Kd4 53. Kf3 Kd3 54. Kg3 Ke4 55. Kf2 Kxf4 0-1

[Event "*** Titled Tuesday 3|2 Blitz"]
[Site "Chess.com"]
[Date "2015.10.06"]
[Round "5"]
[White "IM_Michal_Luch"]
[Black "Penguininja"]
[Result "1-0"]
[WhiteElo "2373"]
[BlackElo "2154"]
[TimeControl "180+2"]
[EndTime "18:04:01 PDT"]
[Termination "IM_Michal_Luch won by resignation"]

1. d4 d5 2. c4 c6 3. Nf3 Nf6 4. Qc2 g6 5. Bf4 Bg7 6. e3 O-O 7. Nc3 a6 8. h3 dxc4 9. Bxc4 b5 10. Be2 Bb7 11. O-O Nbd7 12. Rfd1 Qb6 13. Ne4 Nxe4 14. Qxe4 Rfe8 15. b4 c5 16. bxc5 Bxe4 17.
cxb6 Nxb6 18. Nd2 Bb7 19. Nb3 Na4 20. Rac1 Rac8 21. Nc5 Bd5 22. a3 e5 23. dxe5 Nxc5 24. Rxd5 Ne6 25. Rxc8 Rxc8 26. Rd6 Nc5 27. Bg4 Ra8 28.
Bf3 Rc8 29. g4 Bf8 30. Rb6 Na4 31. Rxa6 Bxa3 32. e6 fxe6 33. Rxe6 b4 34. Bd5 Nc3 35. Bb3 Kg7 36. Be5+ Kh6 37. Bf4+ Kg7 38. Re7+ Kf8 39. Rxh7 Ne2+ 40. Kg2 Nxf4+ 41. exf4 Rc3 42. Be6 b3 43. Rf7+ Ke8 44. Rb7 b2 45. Bf7+ Kf8 46. Bxg6 Rc1 47. Be4 Ke8 48. g5 Re1 49. Kf3 Kf8 50. Rb3 Ra1 51.
h4 Ra2 52. h5 Bc5 53. Bb1 Ra3 54. Rxa3 Bxa3 55. f5 Kg7 56. Ke4 Kf8 57. Kd5 Kg8 58.
Ke6 Kh8 59. h6 Kg8 60. f6 Bf8 61. Kf5 Kh8 62. Kg6 Bc5 63. Kf7 Bf8 64. g6 1-0

[Event "*** Titled Tuesday 3|2 Blitz"]
[Site "Chess.com"]
[Date "2015.10.06"]
[Round "5"]
[White "cheese111"]
[Black "ItalianMachine"]
[Result "1-0"]
[WhiteElo "2166"]
[BlackElo "2191"]
[TimeControl "180+2"]
[EndTime "18:04:02 PDT"]
[Termination "cheese111 won by resignation"]

1. e4 e5 2. Nf3 Nc6 3. Nc3 Nf6 4. g3 Bb4 5. Bg2 O-O 6. O-O d6 7. d3 h6 8. a3 Bxc3 9. bxc3 d5 10.
exd5 Nxd5 11. c4 Nb6 12. Re1 f6 13. Nh4 Be6 14. Be3 Qd7 15. Qe2 Rfe8 16. Rab1 Na4 17. Rxb7 Nb6 18. c5 Nd5 19. Qd2 f5 20. f4 exf4 21. Bxf4 g5 22. Bxg5 hxg5 23. Qxg5+ Qg7 24. Qxg7+ Kxg7 25. Rxe6 Rxe6 26. Bxd5 Re1+ 27. Kf2 Rae8 28. Bxc6 R8e2+ 29. Kf3 Rxc2 30. Rxc7+ Kf6 31. Ba4 Rc3 32.
Rd7 Rxc5 33. Ng2 Ra1 34. Rxa7 Rxa3 35. Nf4 Rc1 36. Ra6+ Ke7 37. Bb5 Rxa6 38. Bxa6 Kd6 39. Bc4 Ke5 40. Ke3 Rh1 41. h4 Rg1 42. d4+ Kf6 43.
Kf3 Rd1 44. Ne2 Rd2 45. Ke3 Rb2 46. Bd5 Rb8 47. Kf4 Re8 48. Bf3 Re7 49. Nc3 Re1 50.
Nd5+ Ke6 51. Ne3 Ra1 52. Nxf5 Kf6 53. h5 Ra7 54. h6 Rd7 55. g4 Kg6 56. d5 Kf6 57.
Be4 Ra7 58. d6 Ra4 59. g5+ Kg6 60. Ne7+ Kf7 61. h7 Kg7 62. d7 1-0

[Event "*** Titled Tuesday 3|2 Blitz"]
[Site "Chess.com"]
[Date "2015.10.06"]
[Round "5"]
[White "pKiLz5Rn9b"]
[Black "spirals5"]
[Result "1-0"]
[WhiteElo "2397"]
[BlackElo "2169"]
[TimeControl "180+2"]
[EndTime "18:04:07 PDT"]
[Termination "pKiLz5Rn9b won on time"]

1. b3 e5 2. Bb2 Nc6 3. e3 d5 4.
Bb5 Bd6 5. Ne2 Nf6 6. O-O O-O 7. f4 e4 8. Ng3 a6 9. Be2 Re8 10. c4 dxc4 11. bxc4 Bc5 12. Nc3 Nb4 13. Rb1 Nd3 14. Ba1 b6 15. Qb3 Bb7 16. Na4 Bf8 17. Qc3 Bc6 18. Nb2 Nc5 19. Nf5 Bb7 20. Rbd1 g6 21. Nd4 Bg7 22. Qc2 Nfd7 23. f5 Qg5 24. Na4 Nxa4 25. Qxa4 Nc5 26. Qc2 Be5 27. Rf2 Rf8 28. Rdf1 Rae8 29. Bc3 Qh4 30. g3 Qg5 31. Rf4 Bxf4 32.
Rxf4 h5 33. Ba1 Bc8 34. Qc3 Na4 35. Qc2 Nc5 36. Qb2 Na4 37. Qc2 Nc5 38. Qc3 Na4 39. Qb3 Nc5 40. Qb2 Na4 41. Qc2 Nc5 42. g4 Kh7 43. Qd1 gxf5 44. Nxf5 Rg8 45. Ng3 f5 46. Qf1 hxg4 47. Bxg4 fxg4 48. Rf7+ Kh6 49. Rf6+ Rg6 50. Rf7 Ne6 51. Bf6 Qc5 52. Nf5+ 1-0

[Event "*** Titled Tuesday 3|2 Blitz"]
[Site "Chess.com"]
[Date "2015.10.06"]
[Round "5"]
[White "Jahonas"]
[Black "UltimateCrusher2"]
[Result "1-0"]
[WhiteElo "2065"]
[BlackElo "1999"]
[TimeControl "180+2"]
[EndTime "18:05:31 PDT"]
[Termination "Jahonas won by resignation"]

1. d4 Nf6 2. Nf3 g6 3. c4 Bg7 4. Nc3 d5 5. cxd5 Nxd5 6. e3 O-O 7. Be2 c5 8. O-O Nc6 9. Qb3 Nxc3 10. bxc3 Qc7 11.
Ba3 cxd4 12. cxd4 Be6 13. Qb2 Na5 14. Rfc1 Nc4 15. Bxc4 Bxc4 16. Qb4 b5 17. Qxe7 Qa5 18. Bb4 Qa4 19. Bc5 Rfe8 20. Qh4 Bxa2 21. Rd1 b4 22. Bxb4 Qxb4 23. Rxa2 a5 24. Ng5 h6 25.
Ne4 a4 26. Nf6+ Bxf6 27. Qxf6 Qb3 28. Rda1 a3 29. h4 h5 30. Qd6 Red8 31. Qe7 Re8 32.
Qd6 Re6 33. Qc5 Rea6 34. d5 Ra5 35. Qc6 Qxd5 36. Qxd5 Rxd5 37. Rxa3 Rxa3 38. Rxa3 Rd1+ 39. Kh2 Rd2 40. Kg3 Kg7 41. Kf3 Rb2 42. g3 Rc2 43. e4 Rb2 44. Re3 Rb7 45. e5 Ra7 46. g4 hxg4+ 47. Kxg4 Ra4+ 48. f4 Ra7 49. h5 gxh5+ 50. Kxh5 Ra1 51. Kg5 Rg1+ 52. Kf5 Ra1 53. Rg3+ Kf8 54.
Rb3 Ra7 55. Kg5 Ke7 56. f5 Rc7 57. Rh3 Rc1 58. Rg3 Ra1 59. Rf3 Rg1+ 60. Kf4 Re1 61.
Re3 Rf1+ 62. Ke4 Rf2 63. Rd3 Re2+ 64. Kd5 Rf2 65. f6+ Ke8 66. Rd4 Re2 67. Kd6 Re1 68.
Rd5 Re2 69. Rc5 Rd2+ 70. Kc6 Rd8 71. Ra5 Rc8+ 72. Kd6 Rd8+ 73. Kc7 Rd7+ 74. Kc6 Rd8 75. Ra7 Kf8 76. Rd7 Ra8 77. Kb7 Re8 78. Kc7 Rxe5 79.
Rd8+ Re8 80. Kd7 Rxd8+ 81. Kxd8 Kg8 82. Ke7 Kh7 83. Kxf7 Kh8 84. Ke7 1-0

[Event "*** Titled Tuesday 3|2 Blitz"]
[Site "Chess.com"]
[Date "2015.10.06"]
[Round "5"]
[White "jcibarra"]
[Black "zmaj23"]
[Result "0-1"]
[WhiteElo "2484"]
[BlackElo "2328"]
[TimeControl "180+2"]
[EndTime "18:06:08 PDT"]
[Termination "zmaj23 won by checkmate"]

1. e4 c5 2. Nf3 d6 3. d4 cxd4 4. Nxd4 Nf6 5. Nc3 a6 6. Be3 e6 7. f3 b5 8. a4 b4 9. Na2 d5 10.
e5 Nfd7 11. f4 Bb7 12. Qd2 Nc5 13. Bd3 Nxd3+ 14. cxd3 a5 15. Nc1 Nc6 16. Ncb3 Be7 17. O-O g5 18. f5 Nxe5 19. fxe6 O-O 20. exf7+ Rxf7 21. Nf5 Bf8 22. Bxg5 Qb6+ 23. Be3 Qg6 24. Nbd4 Rc8 25. Rf4 Ba6 26. Raf1 Bxd3 27. Nh4 Rxf4 28. Rxf4 Qh5 29. Nhf3 Be4 30. Nxe5 Qxe5 31. Rg4+ Bg6 32. h3 Rc4 33. Nf3 Qe6 34. Bd4 Rc2 35. Qxc2 Qxg4 36.
Qc6 Qf5 37. Qc7 Bh5 38. Qg3+ Qg6 39. Qf4 Qe4 40. Qg5+ Bg6 41. Qf6 Qb1+ 42. Kh2 Qf5 43. Qh8+ Kf7 44. Ne5+ Ke6 45. Qg8+ Kd6 46. Nxg6 hxg6 47.
Kh1 Qf1+ 48. Bg1 Qf6 49. Bh2+ Kc6 50. Bg1 g5 51. b3 Qf1 52. Qg6+ Bd6 53. Qc2+ Kd7 54.
Qh7+ Kc6 55. Qc2+ Kd7 56. h4 gxh4 57. Qh7+ Kc6 58. Qg8 Qf8 59. Qg4 Qf4 60. Qc8+ Bc7 61. Qa6+ Kd7 62. Qb5+ Ke6 63. Qe8+ Kf5 64. Qh5+ Ke4 65.
Qe2+ Kf5 66. Qd3+ Qe4 67. Qh3+ Kg5 68. Qd7 Be5 69. Qe7+ Bf6 70. Qf8 h3 71. Qg8+ Kf4 72. Bh2+ Ke3 73. Qg3+ Kd2 74. Qxh3 Qe1+ 75. Bg1 Bd4 76.
Qh6+ Kc2 77. Qc6+ Kb2 78. Kh2 Qh4# 0-1

[Event "*** Titled Tuesday 3|2 Blitz"]
[Site "Chess.com"]
[Date "2015.10.06"]
[Round "5"]
[White "lorcho"]
[Black "StellarChessPro"]
[Result "1/2-1/2"]
[WhiteElo "2593"]
[BlackElo "2250"]
[TimeControl "180+2"]
[EndTime "18:08:06 PDT"]
[Termination "Game drawn by repetition"]

1. e4 c6 2. Nc3 d5 3. d4 dxe4 4.
Nxe4 Bf5 5. Ng3 Bg6 6. Bc4 e6 7.
N1e2 Nd7 8. O-O h6 9. f4 Ne7 10. c3 Nb6 11. Bd3 Bxd3 12. Qxd3 Qd7 13. f5 exf5 14.
Nxf5 Nxf5 15. Qxf5 Qxf5 16. Rxf5 Bd6 17. Bf4 Bxf4 18.
Nxf4 O-O 19. Re1 Rae8 20. Rfe5 Rxe5 21. Rxe5 Rd8 22. Re7 Rd7 23. Re8+ Kh7 24. Kf2 Nd5 25.
Nd3 Re7 26. Rb8 b6 27. Rc8 Rc7 28. Ra8 f6 29. c4 Ne7 30. g4 Rd7 31. Ke3 h5 32. h3 hxg4 33. hxg4 Kg6 34. b4 Kg5 35. Nf2 f5 36. a4 fxg4 37. Ne4+ Kg6 38. Ng3 Nf5+ 39.
Nxf5 Kxf5 40. Rf8+ Kg5 41. b5 cxb5 42. axb5 Kh4 43. c5 bxc5 44. dxc5 g3 45. c6 g2 46. cxd7 g1=Q+ 47. Ke4 Qb1+ 48. Ke5 Qxb5+ 49. Ke6 Qc6+ 50. Ke7 Qe4+ 51. Kf7 Qf5+ 52. Ke7 Qe5+ 53. Kf7 Qf6+ 54. Kg8 Qe6+ 55. Rf7 Qd5 56. Kxg7 a5 57. Kf8 Qd6+ 58. Ke8 Qe6+ 59. Kf8 Qh6+ 60. Ke8 Qe6+ 61. Kf8 Qd6+ 62. Ke8 Qe5+ 63. Kf8 Qd5 64. Ke7 Qe4+ 65. Kf8 Qb4+ 66.
Re7 Qf4+ 67. Ke8 Qa4 68. Kf8 Qf4+ 69. Ke8 Qa4 70. Kf7 Qb3+ 71. Re6 Qd3 72. Ke7 Qa3+ 73. Ke8 Qa4 74. Ke7 Qb4+ 75. Rd6 Qe4+ 76. Re6 Qh7+ 77. Kd6 Qd3+ 78. Kc7 Qc4+ 79. Rc6 Qf4+ 80. Kc8 Qf5 81. Kc7 Qe5+ 82. Kc8 Qf5 83. Rc4+ Kg5 84. Kc7 Qe5+ 85.
Kc8 Qf5 86. Kc7 Qe5+ 87. Kc8 Qf5 88. Kc7 Qe5+ 89. Kc8 Qe6 90. Rc5+ Kf6 91. Rxa5 Ke7 92. Ra7 Qc4+ 93. Rc7 Qe6 94. Rb7 Qc6+ 95. Kb8 Kd8 96. Ka7 Qa4+ 97. Kb8 Qa5 98. Ra7 Qb6+ 99. Rb7 Qc6 100.
Ra7 Qd6+ 101. Ka8 Qc6+ 102. Rb7 Qa4+ 103. Kb8 Qa6 104. Ra7 Qd6+ 105. Ka8 Qb6 106. Rb7 Qc6 107. Kb8 Qc5 108.
Ra7 Qd6+ 109. Ka8 1/2-1/2

[Event "*** Titled Tuesday 3|2 Blitz"]
[Site "Chess.com"]
[Date "2015.10.06"]
[Round "6"]
[White "chesstatour"]
[Black "wonderfultime"]
[Result "0-1"]
[WhiteElo "1887"]
[BlackElo "2631"]
[TimeControl "180+2"]
[EndTime "18:12:41 PDT"]
[Termination "wonderfultime won by resignation"]

1. d4 d5 2. c4 c6 3. cxd5 cxd5 4.
Nc3 Nf6 5. f3 e6 6. e4 dxe4 7.
fxe4 Bb4 8. e5 Nd5 9. Qf3 Nc6 10. Bb5 Qb6 11. Bxc6+ bxc6 12. Ne2 Ba6 13. O-O O-O 14. Kh1 f6 15. Qh3 Bxc3 16. Qxe6+ Kh8 17. exf6 Nxf6 18.
b3 0-1

[Event "*** Titled Tuesday 3|2 Blitz"]
[Site "Chess.com"]
[Date "2015.10.06"]
[Round "6"]
[White "LyonBeast"]
[Black "GMVallejo"]
[Result "0-1"]
[WhiteElo "2708"]
[BlackElo "2664"]
[TimeControl "180+2"]
[EndTime "18:14:23 PDT"]
[Termination "GMVallejo won by resignation"]

1. Nf3 d5 2. g3 c6 3. Bg2 Nf6 4. O-O Bf5 5. c4 e6 6. cxd5 cxd5 7.
Qb3 Qb6 8. Qxb6 axb6 9. d3 Nc6 10. Bd2 Bc5 11. Nc3 h6 12. a3 Ke7 13. b4 Bd6 14.
Nb5 Bg4 15. Rfc1 Bxf3 16. Bxf3 Rhc8 17. e3 Ne5 18. Be2 Rc6 19. Nxd6 Kxd6 20. b5 Rxc1+ 21. Rxc1 Kd7 22. f4 Ng6 23. Bb4 Ne8 24. e4 Nc7 25.
Bf3 d4 26. e5 Ra7 27. Rc4 Nxb5 28. Bd1 Ne7 29. a4 Nd5 30. Bd2 Nbc3 31. Bb3 b5 32.
axb5 Ra3 33. Bc2 Ra1+ 34. Kf2 Ra2 0-1

[Event "*** Titled Tuesday 3|2 Blitz"]
[Site "Chess.com"]
[Date "2015.10.06"]
[Round "6"]
[White "Andnar"]
[Black "Goala"]
[Result "0-1"]
[WhiteElo "2233"]
[BlackElo "2160"]
[TimeControl "180+2"]
[EndTime "18:14:58 PDT"]
[Termination "Goala won by resignation"]

1. e4 e6 2. d4 d5 3. Nd2 Nf6 4. e5 Nfd7 5. Bd3 c5 6. c3 Nc6 7.
Ne2 cxd4 8. cxd4 f6 9. exf6 Nxf6 10. Nf3 Bd6 11. O-O Qc7 12. Bg5 O-O 13. Bh4 Nh5 14.
Qc2 h6 15. Bh7+ Kh8 16. Bg6 Rxf3 17. Bxh5 Bxh2+ 18. Kh1 Rf5 19. Bg6 Bd6 20. Bxf5 exf5 21. Rae1 Qf7 22. Nc3 Be6 23. Bg3 f4 24. Bh2 Nxd4 25.
Qd2 Nc6 26. Rd1 Qh5 27. Kg1 Rf8 28. Nxd5 f3 29. Bxd6 fxg2 30. Bh2 gxf1=Q+ 31. Rxf1 Bxd5 32. Rd1 Bf3 33. Qd6 Rf6 0-1

[Event "*** Titled Tuesday 3|2 Blitz"]
[Site "Chess.com"]
[Date "2015.10.06"]
[Round "6"]
[White "Noukii"]
[Black "jlandaw"]
[Result "1-0"]
[WhiteElo "2549"]
[BlackElo "2375"]
[TimeControl "180+2"]
[EndTime "18:15:32 PDT"]
[Termination "Noukii won by resignation"]

1. d4 Nf6 2. c4 e6 3. Nc3 Bb4 4.
Nf3 b6 5. e3 Bb7 6. Bd3 Ne4 7.
O-O Nxc3 8. bxc3 Be7 9. e4 d6 10. Nd2 e5 11. f4 exf4 12. Rxf4 Bg5 13. Rf3 Nd7 14. Rg3 Qf6 15. Qg4 h6 16. Nf3 Bxc1 17. Rxc1 g6 18. e5 dxe5 19. Re1 O-O-O 20. Nxe5 h5 21.
Qh3 g5 22. Rf1 g4 23. Rxf6 gxh3 24. Nxd7 Rxd7 25. Bf5 Bxg2 26. Rxf7 Bc6 27. Rgg7 Rd8 28. d5 Ba4 29. Kf2 c5 30. d6 Bc6 31. Kg3 1-0